 Dungeon Crawl Stone Soup version 0.28-a0-8-g6e044cfa68 (webtiles) character file.

Game seed: 743156881155374761

408 gimp the Covered (level 7, -6/53 HPs)
             Began as a Formicid Wanderer on July 23, 2021.
             Hit by a large rock thrown by a cyclops (39 damage)
             ... on level 15 of the Dungeon.
             The game lasted 00:09:07 (4453 turns).

gimp the Covered (Formicid Wanderer)                Turns: 4453, Time: 00:09:08

Health: -6/53      AC:  7    Str: 21    XL:     7   Next: 13%
Magic:  7/7        EV: 11    Int: 11    God:
Gold:   86         SH:  0    Dex:  8    Spells: 6/6 levels left

rFire   . . .      SeeInvis +   a - +2 dagger
rCold   . . .      Faith    .   (no shield)
rNeg    . . .      Spirit   .   d - +0 ring mail
rPois   .          Reflect  .   (helmet unavailable)
rElec   .          Harm     .   k - +0 cloak
rCorr   +          Rampage  .   (no gloves)
Will    .....                   (no boots)
Stlth   +.........              (no amulet)
HPRegen 0.17/turn               f - ring of resist corrosion
MPRegen 0.10/turn               n - ring of flight

@: flying
A: permanent stasis, dig shafts and tunnels, antennae 3, four strong arms
a: Dig, Shaft Self


You were on level 15 of the Dungeon.
You visited 1 branch of the dungeon, and saw 12 of its levels.

You collected 86 gold pieces.

Inventory:

Hand Weapons
 a - a +2 dagger (weapon)
 b - a +0 hand axe
 g - a +4 mace of protection
 i - a +0 whip
Armour
 d - a +0 ring mail (worn)
 e - a +0 scale mail
 k - a +0 cloak (worn)
Jewellery
 f - a ring of resist corrosion (left hand)
 n - a ring of flight (right hand)
Wands
 c - a wand of iceblast (5)
Scrolls
 j - a scroll of vulnerability {unknown}
 l - a scroll of magic mapping {unknown}
 q - a scroll of fog
 s - a scroll of immolation
Potions
 h - a potion of flight
 p - a potion of haste
Miscellaneous
 m - a condenser vane (inert)


   Skills:
 + Level 3.7 Fighting
 * Level 4.1 Axes
 - Level 3.0 Crossbows
 + Level 4.6 Armour
 - Level 2.6 Dodging
 - Level 2.4 Stealth


You had 6 spell levels left.
You didn't know any spells.
Your spell library was empty.

Dungeon Overview and Level Annotations

Branches:
Dungeon (13/15)
 Temple: D:4-7         Lair: D:8-11         Orc: D:9-12      Vaults: D:13-14

Altars:
Qazlal
Xom

Shops:
D:3 [


Innate Abilities, Weirdness & Mutations

You cannot be hasted, slowed, berserked, paralysed or teleported.
You can dig through walls and to a lower floor.
You have a pair of large antennae on your head. (SInv)
Your four strong arms can wield two-handed weapons with a shield.


Message History

The troll dissolves into shadows!
The orc dissolves into shadows!
The warg dissolves into shadows!
You hear an angry growl.
You hear an angry hiss.
A cyclops comes into view.
You hear a shout!
Your Axes skill increases to level 4!
You have reached level 7!
You regained 6 hp, and now have 52/53 hp.
MP restored: 7 The boggart closely misses you.
The cyclops throws a large rock.
The large rock hits you!!
You take 21 damage, and have 31/53 hp.
MASSIVE DAMAGE!!
Your ring mail prevents you from hitting the boggart.
The boggart is lightly wounded.
The boggart is engulfed in noxious fumes.
The boggart appears confused.
The boggart is engulfed in noxious fumes.
The boggart appears confused.
You barely miss the boggart.
The boggart is lightly wounded.
The boggart closely misses you.
You hit the boggart.
The boggart is moderately wounded.
The boggart is engulfed in noxious fumes.
The boggart appears confused.
You hit the boggart.
The boggart is heavily wounded.
The boggart completely misses you.
The cyclops is engulfed in noxious fumes.
The boggart closely misses you.
You hit the boggart.
The boggart is severely wounded.
You hit the boggart.
The boggart is almost dead.
The boggart is engulfed in noxious fumes.
The boggart appears confused.
The cyclops is engulfed in noxious fumes.
The cyclops throws a large rock.
The large rock hits you!!!
Ouch! That really hurt!
You die...

#### .......
#####...
.....(......
........#
...§§.....
.........
#...°.....
....g..##C☼.○....
.....g.°.....♣
#.##§○§#...♣
#..@.§.....♣
#.##..☼....♣
#.........#.♣ {
#.........#.♣{ {
#.........#.♣
+.........$#.♣ {
#.#.###.##....
.... ..#..... ..
... .....


You could see a cyclops and a boggart (confused).

Vanquished Creatures
  A boggart (D:15)
  A scorpion (D:4)
  A jelly (D:4)
  4 gnolls (D:3)
  2 adders (D:3)
  A dart slug (D:3)
  4 orcs (D:3)
  5 ball pythons
  7 bats
  5 endoplasms
  2 giant cockroaches
  3 hobgoblins
  3 jackals (D:2)
  2 quokkas
  2 frilled lizards
  4 goblins
  6 kobolds
  2 rats
55 creatures vanquished.

Vanquished Creatures (collateral kills)
  A troll (D:11)
  2 orc wizards (D:11)
  3 orcs (D:11)
6 creatures vanquished.

Vanquished Creatures (others)
  A rat (D:2)
  A plant (D:15)
2 creatures vanquished.

Grand Total: 63 creatures vanquished

Notes
Turn   | Place    | Note
-------+----------+-------------------------------------------
     0 | D:1      | gimp the Formicid Wanderer began the quest for the Orb.
     0 | D:1      | gimp set off with the following items: a +2 dagger, a
                  | potion of heal wounds, a potion of curing, a +0 ring mail
     0 | D:1      | Reached XP level 1. HP: 13/13 MP: 1/1
   183 | D:1      | Reached skill level 1 in Fighting
   183 | D:1      | Reached XP level 2. HP: 21/21 MP: 2/2
   551 | D:1      | Found a faded altar of an unknown god.
   862 | D:2      | Found a shimmering altar of Xom.
  1209 | D:2      | Reached XP level 3. HP: 22/27 MP: 3/3
  2101 | D:3      | Reached XP level 4. HP: 17/33 MP: 4/4
  2103 | D:3      | Reached skill level 1 in Axes
  2324 | D:3      | Found Xeich's Antique Armour Emporium.
  2372 | D:3      | Found a stormy altar of Qazlal.
  2928 | D:3      | Reached XP level 5. HP: 15/39 MP: 5/5
  3661 | D:4      | Reached XP level 6. HP: 30/47 MP: 6/6
  3870 | D:3      | You are sucked into a shaft and drop 2 floors!
  3870 | D:5      | Entered Level 5 of the Dungeon
  3874 | D:5      | You are sucked into a shaft and drop 1 floor!
  4045 | D:6      | You are sucked into a shaft and drop 1 floor!
  4045 | D:7      | Noticed a cyclops
  4045 | D:7      | Noticed a deep elf pyromancer
  4045 | D:7      | Noticed a vampire
  4048 | D:7      | You are sucked into a shaft and drop 2 floors!
  4060 | D:9      | You are sucked into a shaft and drop 3 floors!
  4334 | D:11     | Noticed a troll
  4346 | D:11     | Killed a troll
  4391 | D:11     | Noticed a troll
  4396 | D:11     | You are sucked into a shaft and drop 2 floors!
  4425 | D:13     | Noticed a wizard
  4433 | D:13     | You are sucked into a shaft and drop 2 floors!
  4433 | D:15     | Entered Level 15 of the Dungeon
  4433 | D:15     | Noticed a boggart
  4435 | D:15     | Noticed a boggart
  4437 | D:15     | Noticed a boggart
  4439 | D:15     | Noticed an orc knight
  4439 | D:15     | Noticed an orc warrior
  4439 | D:15     | Noticed a warg
  4442 | D:15     | Noticed a troll
  4444 | D:15     | Killed a boggart
  4444 | D:15     | Noticed a cyclops
  4445 | D:15     | Reached XP level 7. HP: 52/53 MP: 7/7
  4453 | D:15     | Hit by a large rock thrown by a cyclops

Illustrated notes

Levels and vault maps discovered:
D:1:      amcnicky_arrival_single_pillar, layout_loops_ring,
          shapermc_ecumenical_altar_pompeii, chequers_serial_rivers_micro_c,
          kennysheep_boxes
D:2:      layout_basic, serial_forest, infiniplex_forest_lined_ring,
          infiniplex_forest_end_2, infiniplex_forest_join,
          infiniplex_forest_straight_4, infiniplex_forest_clump_medium,
          infiniplex_forest_lined_room_, basic_altar, minmay_misc_feat_enclosed,
          lemuel_another_geyser
D:3:      layout_loops_cross, lemuel_round_altar, serial_shops, shop_statue,
          minmay_tree_intersection, minmay_between
D:4:      layout_cave_pools, kennysheep_slug_shrine, serial_shops, shop,
          minmay_crossroads
D:5:      cheibrodos_fzero, layout_gridville, mainiacjoe_overflow_boulevard,
          tso_oasis_becter, trog_three_pillars_becter,
          minmay_temple_entry_slanted, uniq_grinder
D:6:      layout_loops_ring, nemelex_dance_club_becter
D:7:      minmay_the_grid_four_pointed_star
          [minmay_the_grid_triangle_9x9_wacky_v,
          minmay_the_grid_triangle_9x9_negative_grid,
          minmay_the_grid_triangle_9x9_pentomino_pain,
          minmay_the_grid_triangle_9x9_descending_squares,
          minmay_the_grid_prize_inner_circle], layout_rooms,
          mainiacjoe_overflow_chevrons, mainiacjoe_overflow_cross_hatched,
          uniq_pikel, uniq_crazy_yiuf_cottage, uniq_joseph
D:9:      layout_gridville, lemuel_crystal_altar
D:11:     lemuel_ice_spiral_2, layout_basic, hiddenorc1_lemuel, serial_shops,
          nicolae_shop_statue_plus, uniq_maurice
D:12:     layout_roguey [special_room_orc], serial_shops,
          nicolae_shop_waterfront
D:13:     layout_gridville, uniq_snorg
D:15:     grunt_enter_depths_giant_problem, layout_basic, nicolae_two_hexagons,
          serial_shops, shop, ebering_ghost_funeral_grove,
          okawaru_ov_weapons_minmay

Skill      XL: |  1  2  3  4  5  6 |
---------------+-------------------+-----
Fighting       | 1 2 3 |  3.7
Armour         | 3 4 |  4.6
Axes           | 2 4 |  4.1
Crossbows      | |  3.0
Dodging        | |  2.6
Stealth        | |  2.4

Action                   |  1- 3 |  4- 6 |  7- 9 || total
-------------------------+-------+-------+-------++-------
Melee: Dagger            |   125 |   111 |     6 ||   242
       Hand axe          |       |    21 |       ||    21
 Abil: Dig               |     1 |     3 |       ||     4
       Shaft Self        |       |     7 |       ||     7
Evoke: Wand              |       |     1 |       ||     1
       Condenser vane    |       |     1 |       ||     1
  Use: Scroll            |       |     6 |       ||     6
       Potion            |       |     7 |       ||     7
 Stab: Sleeping          |     1 |       |       ||     1
Armor: Ring mail         |    53 |    32 |       ||    85
Dodge: Dodged            |    74 |    74 |     4 ||   152

Table legend: (Time is in decaauts)
 A = Elapsed time spent in this place.
 B = Non-inter-level travel time spent in this place.
 C = Inter-level travel time spent in this place.
 D = Time resting spent in this place.
 E = Time spent auto-exploring this place.
 F = Levels seen in this place.
 G = Mean time per level.
                   A        B        C        D        E       F      G
               +--------+--------+--------+--------+--------+-----+--------+
         Total |   4487 |   4324 |    163 |    220 |   3149 |  12 |  373.9 |
       Dungeon |   4487 |   4324 |    163 |    220 |   3149 |  12 |  373.9 |
               +--------+--------+--------+--------+--------+-----+--------+

Top non-repeatable levels by time:
     D:3: 1618 daAuts
     D:2: 1105 daAuts
     D:1: 818 daAuts
     D:4: 363 daAuts
    D:12: 198 daAuts
     D:6: 170 daAuts
    D:11: 138 daAuts
    D:13: 36 daAuts
    D:15: 19 daAuts
     D:9: 11 daAuts
     D:5: 3 daAuts
     D:7: 2 daAuts
